 Dungeon Crawl Stone Soup version 0.28-a0-1213-g0243856f03 (webtiles) character file.

Game seed: 9890295390056322155

2547 chunkyMonkey the Tainter (level 9, -5/69 HPs)
             Began as a Formicid Venom Mage on Dec 21, 2021.
             Was a Believer of Okawaru.
             Slain by an orc knight (18 damage)
             ... in a bailey.
             The game lasted 00:23:57 (13412 turns).

chunkyMonkey the Tainter (Formicid Venom Mage)     Turns: 13412, Time: 00:23:57

Health: -5/69      AC:  7    Str: 22    XL:     9   Next: 86%
Magic:  11/17      EV: 11    Int: 16    God:    Okawaru [**....]
Gold:   71         SH:  0    Dex: 11    Spells: 9/19 levels left

rFire   . . .      SeeInvis +   w - +2 hand axe (flame)
rCold   . . .      Faith    .   (no shield)
rNeg    . . .      Spirit   .   j - +1 ring mail
rPois   +          Reflect  .   (helmet unavailable)
rElec   .          Harm     .   (no cloak)
rCorr   .          Rampage  .   (no gloves)
Will    .....                   (no boots)
Stlth   +.........              (no amulet)
HPRegen 0.21/turn               o - +6 ring of strength
MPRegen 0.15/turn               y - ring of poison resistance

@: no status effects
A: permanent stasis, dig shafts and tunnels, antennae 3, four strong arms
a: Dig, Renounce Religion, Heroism


You were in a bailey.
You worshipped Okawaru.
Okawaru was pleased with you.
You visited 2 branches of the dungeon, and saw 8 of its levels.
You also visited: Bailey.

You collected 323 gold pieces.
You spent 252 gold pieces at shops.

Inventory:

Hand Weapons
 m - a +0 scythe
 w - a +2 hand axe of flaming (weapon)
 x - a +0 whip of holy wrath
 A - a +3 hand axe
Armour
 f - a +0 leather armour
 j - a +1 ring mail (worn)
 q - a +0 tower shield
Jewellery
 e - an amulet of guardian spirit
 o - a +6 ring of strength (left hand)
 y - a ring of poison resistance (right hand)
Wands
 a - a wand of flame (34)
 p - a wand of iceblast (16)
 u - a wand of paralysis (3)
Scrolls
 c - 2 scrolls of fear
 h - 2 scrolls of teleportation
 r - a scroll of magic mapping
 t - a scroll of holy word {unknown}
 v - a scroll of immolation {unknown}
 B - a scroll of identify
Potions
 b - a potion of magic
 d - a potion of cancellation
 g - 3 potions of ambrosia
 i - 2 potions of brilliance
 k - a potion of degeneration {unknown}
 l - 2 potions of resistance
 n - 2 potions of flight
 s - 2 potions of attraction {unknown}
 z - 2 potions of heal wounds
 C - a potion of curing


   Skills:
 * Level 5.9 Fighting
 + Level 3.7(4.3) Axes
 + Level 3.4(4.2) Polearms
 * Level 5.9 Armour
 - Level 2.0 Dodging
 - Level 3.0 Stealth
 * Level 1.9 Shields
 * Level 5.8 Spellcasting
 - Level 2.0 Transmutations
 * Level 8.2 Poison Magic


You had 9 spell levels left.
You knew the following spells:

 Your Spells              Type           Power      Damage    Failure   Level
a - Sting                 Tmut/Pois      84%        1d7       2%          1
b - Poisonous Vapours     Pois/Air       34%        N/A       6%          2
c - Olgreb's Toxic Radia  Pois           30%        N/A       7%          4
d - Mephitic Cloud        Conj/Pois/Air  13%        N/A       21%         3

Your spell library contained the following spells:

 Spells                   Type           Power      Damage    Failure   Level
 Apportation              Tloc           8%         N/A       22%         1
 Shock                    Conj/Air       16%        1d4       22%         1
 Passwall                 Tmut/Erth      5%         N/A       22%         2
 Scorch                   Fire           8%         2d5       32%         2
 Static Discharge         Conj/Air       4%         N/A       32%         2
 Alistair's Intoxication  Tmut/Pois      14%        N/A       58%         5
 Airstrike                Air            2%         N/A       91%         4
 Flame Wave               Conj/Fire      4%         2d4       91%         4
 Lightning Bolt           Conj/Air       2%         1d13      99%         5
 Manifold Assault         Tloc           4%         N/A       99%         5
 Silence                  Hex/Air        2%         N/A       99%         5
 Storm Form               Tmut/Air       3%         N/A       100%        7
 Maxwell's Capacitive Co  Air            2%         ∞         100%        8
 Animate Skeleton         Necr           Unusable   N/A       N/A         1
 Summon Small Mammal      Summ           Unusable   N/A       N/A         1
 Blink                    Tloc           Unusable   N/A       N/A         2
 Swiftness                Air            Unusable   N/A       N/A         3
 Summon Cactus Giant      Summ           Unusable   N/A       N/A         6

Dungeon Overview and Level Annotations

Branches:
Dungeon (7/15)             Temple (1/1) D:5          Bailey (1/1)

Altars:
Ashenzari
Cheibriados
Dithmenos
Elyvilon
Fedhas
Gozag
Hepliaklqana
Kikubaaqudgha
Makhleb
Nemelex Xobeh
Okawaru
Qazlal
Ru
Sif Muna
Trog
Uskayaw
Wu Jian
Xom
Yredelemnul
Zin
The Shining One

Shops:
D:7 !

Annotations:
D:6 Maggie


Innate Abilities, Weirdness & Mutations

You cannot be hasted, slowed, berserked, paralysed or teleported.
You can dig through walls and to a lower floor.
You have a pair of large antennae on your head. (SInv)
Your four strong arms can wield two-handed weapons with a shield.


Message History

Casting: Poisonous Vapours (safe; 6% risk of failure)
Confirm with . or Enter, or press ? or * to list all spells.
Aiming: Poisonous Vapours (safe; 6% risk of failure)
Press: ? - help, Dir - move target, f - orc warrior
Aim: an orc warrior, wielding a +0 glaive and wearing a +0 plate armour (heavily wounded, strong, confused, very poisoned) Poisonous vapours surround the orc warrior!
The orc warrior looks as sick as possible!
Casting: Poisonous Vapours (safe; 6% risk of failure)
Confirm with . or Enter, or press ? or * to list all spells.
Aiming: Poisonous Vapours (safe; 6% risk of failure)
Press: ? - help, Dir - move target, f/p - orc warrior
Aim: an orc warrior, wielding a +0 glaive and wearing a +0 plate armour (severely wounded, strong, confused, very poisoned) Poisonous vapours surround the orc warrior!
The orc warrior looks as sick as possible!
You kill the orc warrior!
Okawaru accepts your kill.
There is an open door here.
You start resting.
Magic restored.
There is an open door here.
The orc knight hits you with a +0 trident!
Casting: Poisonous Vapours (safe; 6% risk of failure)
Confirm with . or Enter, or press ? or * to list all spells.
Aiming: Mephitic Cloud (dangerous; 21% risk of failure)
Press: ? - help, Shift-Dir - straight line The ball explodes into a vile cloud!
The stinking cloud engulfs the orc knight but does no damage.
The orc knight hits you with a +0 trident!!
Unknown command.
Casting: Mephitic Cloud (dangerous; 21% risk of failure)
Confirm with . or Enter, or press ? or * to list all spells.
Aiming: Mephitic Cloud (dangerous; 21% risk of failure)
Press: ? - help, Shift-Dir - straight line The ball explodes into a vile cloud!
The stinking cloud engulfs you but does no damage.
The stinking cloud engulfs the orc knight but does no damage.
The orc knight hits you with a +0 trident!!
* * * LOW HITPOINT WARNING * * *
The orc knight hits you from afar with a +0 trident!!
You die...

#..........≈≈..## ##..≈≈....
#.≈≈≈≈≈≈≈≈≈≈..##.∩.##..≈≈≈≈≈
#.≈.......)..##.... ##.))...
#.≈)#########'###+##########
#.≈.## ##......... #.≈..##
##..≈≈≈≈§§§. #.≈≈..##
##.§≈≈.....§≈ # #∩.≈≈..#
#..≈§..⌠∩§.§≈ #
##.≈≈..#+#.@°○..)⌠...§ #
#.≈≈..##.##°☼≈≈.....≈≈ #
#.≈..##...##o.○≈≈≈≈§≈.
#.≈.##.....'#......... $$
#.≈.#############+### ##
#.≈..........## ###
#.≈≈≈≈≈≈≈≈≈≈..## #######≈≈
#..........≈≈..## ##...##...
##########..≈≈..###..≈..##.#


You could see an orc knight.

Vanquished Creatures
  Pikel (D:6)
  An orc knight (Bailey)
  Sigmund (D:2)
  2 orc warriors (Bailey)
  A black bear (D:6)
  2 ice beasts
  A necrophage (D:5)
  2 ogres
  2 lemures (D:6)
  A bullfrog (D:5)
  2 wights
  A howler monkey (D:6)
  2 hounds (D:5)
  4 orc priests (D:5)
  A jelly (D:4)
  Jessica (D:1)
  Terence (D:2)
  4 iguanas
  4 orc wizards (D:5)
  Robin (D:3)
  A howler monkey skeleton (D:6)
  6 adders
  2 worms
  2 dart slugs
  23 orcs
  7 ball pythons
  9 endoplasms
  3 giant cockroaches
  3 hobgoblins
  4 jackals (D:3)
  3 quokkas
  8 bats
  22 goblins
  8 kobolds
  8 rats
144 creatures vanquished.

Notes
Turn   | Place    | Note
-------+----------+-------------------------------------------
     0 | D:1      | chunkyMonkey the Formicid Venom Mage began the quest for
                  | the Orb.
     0 | D:1      | Reached XP level 1. HP: 13/13 MP: 3/3
   623 | D:1      | Reached XP level 2. HP: 20/20 MP: 3/5
   626 | D:1      | Learned a level 2 spell: Poisonous Vapours
   760 | D:1      | Reached skill level 1 in Armour
  1872 | D:2      | Noticed Jessica
  1882 | D:1      | Killed Jessica
  1883 | D:1      | Reached skill level 1 in Fighting
  1883 | D:1      | Reached XP level 3. HP: 8/26 MP: 1/6
  2282 | D:2      | Reached XP level 4. HP: 28/32 MP: 2/7
  2335 | D:2      | Noticed Terence
  2359 | D:2      | Killed Terence
  2360 | D:2      | Noticed Sigmund
  2760 | D:2      | Got the Handbook of Aerial Clay
  2900 | D:2      | Reached XP level 5. HP: 21/38 MP: 2/9
  3933 | D:2      | Killed Sigmund
  3934 | D:2      | Reached skill level 1 in Axes
  3934 | D:2      | Reached skill level 1 in Polearms
  3934 | D:2      | Reached skill level 5 in Poison Magic
  3934 | D:2      | Reached XP level 6. HP: 13/46 MP: 5/10
  4528 | D:3      | Learned a level 4 spell: Olgreb's Toxic Radiance
  4532 | D:3      | Learned a level 3 spell: Mephitic Cloud
  5308 | D:3      | Noticed Robin
  5315 | D:3      | Killed Robin
  5640 | D:4      | Reached XP level 7. HP: 51/51 MP: 9/12
  7293 | D:5      | Entered Level 5 of the Dungeon
  7757 | D:5      | Reached skill level 6 in Poison Magic
  7757 | D:5      | Reached XP level 8. HP: 60/60 MP: 5/14
  8233 | D:5      | Found a staircase to the Ecumenical Temple.
  8276 | Temple   | Entered the Ecumenical Temple
  8411 | Temple   | Became a worshipper of Warmaster Okawaru
  9951 | D:5      | Reached * piety under Okawaru
 10384 | D:6      | Identified the +6 scimitar "Reduem" {flame, Contam rElec
                  | rPois Stlth+}
 10519 | D:6      | Noticed Pikel
 10544 | D:6      | Killed Pikel
 10545 | D:6      | Reached skill level 5 in Fighting
 10545 | D:6      | Reached skill level 5 in Armour
 10545 | D:6      | Reached skill level 5 in Spellcasting
 10545 | D:6      | Reached skill level 7 in Poison Magic
 10545 | D:6      | Reached XP level 9. HP: 13/68 MP: 5/16
 12731 | D:6      | Noticed Maggie
 12847 | D:7      | Found Pycigu Kexi's Distillery.
 12855 | D:7      | Bought a potion of resistance for 140 gold pieces
 12855 | D:7      | Bought a potion of curing for 42 gold pieces
 12855 | D:7      | Bought a potion of heal wounds for 70 gold pieces
 12895 | D:7      | Found a flagged portal.
 12924 | Bailey   | Entered a bailey
 13213 | Bailey   | Noticed an orc knight
 13287 | Bailey   | Noticed an orc knight
 13292 | Bailey   | Killed an orc knight
 13292 | Bailey   | Reached ** piety under Okawaru
 13293 | Bailey   | Reached skill level 1 in Shields
 13293 | Bailey   | Reached skill level 8 in Poison Magic
 13412 | Bailey   | Slain by an orc knight

Illustrated notes

Levels and vault maps discovered:
D:1:      sevenhm_arrival_forest_fort_large_2, layout_loops_ring
D:2:      layout_rooms, uniq_jessica, uniq_sigmund, uniq_terence
D:3:      layout_basic, kennysheep_generic_room_15, uniq_robin
D:4:      layout_loops_corners
D:5:      layout_loops_corners, minmay_temple_entry_poolview
D:6:      layout_basic, uniq_pikel, uniq_maggie
D:7:      layout_loops_corners, enter_bailey_5, serial_shops, shop
Temple:   mainiacjoe_temple_circle_huts
Bailey:   bailey_polearm_1, bailey

Skill      XL: |  1  2  3  4  5  6  7  8  9 |
---------------+----------------------------+-----
Armour         | 1 2 3 5 |  5.9
Fighting       | 1 2 3 5 |  5.9
Dodging        | 2 |  2.0
Axes           | 1 2 3 |  3.7
Polearms       | 1 2 3 |  3.4
Stealth        | 3 |  3.0
Spellcasting   | 3 4 5 |  5.8
Transmutations | 2 |  2.0
Poison Magic   | 5 6 7 8 |  8.2
Shields        | 1 |  1.9

Action                   |  1- 3 |  4- 6 |  7- 9 || total
-------------------------+-------+-------+-------++-------
Melee: Unarmed           |    22 |       |       ||    22
       Spear             |     5 |    16 |       ||    21
       Trident           |       |    29 |       ||    29
       Scythe            |       |    75 |    72 ||   147
       Hand axe          |       |       |    48 ||    48
 Cast: Sting             |    10 |     9 |     5 ||    24
       Poisonous Vapours |    19 |    35 |    70 ||   124
       Olgreb's Toxic Ra |       |     2 |    16 ||    18
       Mephitic Cloud    |       |       |     3 ||     3
 Abil: Dig               |       |    11 |     4 ||    15
Evoke: Wand              |       |       |    15 ||    15
  Use: Potion            |     1 |     1 |       ||     2
       Scroll            |       |       |     8 ||     8
 Stab: Sleeping          |       |     2 |     2 ||     4
       Paralysed         |       |       |     9 ||     9
Armor: Robe              |     1 |       |       ||     1
       Leather armour    |    21 |    73 |    21 ||   115
       Ring mail         |       |       |     4 ||     4
Dodge: Dodged            |    42 |   146 |    64 ||   252

Table legend: (Time is in decaauts)
 A = Elapsed time spent in this place.
 B = Non-inter-level travel time spent in this place.
 C = Inter-level travel time spent in this place.
 D = Time resting spent in this place.
 E = Time spent auto-exploring this place.
 F = Levels seen in this place.
 G = Mean time per level.
                   A        B        C        D        E       F      G
               +--------+--------+--------+--------+--------+-----+--------+
         Total |  13565 |  13310 |    255 |   7095 |   4170 |   9 | 1507.2 |
       Dungeon |  12778 |  12541 |    237 |   6823 |   3916 |   7 | 1825.4 |
        Temple |    298 |    280 |     18 |      0 |    254 |   1 |  298.0 |
        Bailey |    487 |    487 |      0 |    272 |      0 |   1 |  487.0 |
               +--------+--------+--------+--------+--------+-----+--------+

Top non-repeatable levels by time:
     D:5: 3219 daAuts
     D:1: 2790 daAuts
     D:6: 2017 daAuts
     D:4: 1791 daAuts
     D:2: 1558 daAuts
     D:3: 1261 daAuts
  Bailey: 487 daAuts
  Temple: 298 daAuts
     D:7: 140 daAuts
